AoeStats
← ME_DEPRIME_JUGAR_CON_USTEDES

African Clearing

506225733Analyzed
4v4 RM · 19d ago on Sep 12, 2026· 50m 8s· 8 players
Game mode
Random Map
Map size
Large (8 player)
Population
200
Speed
Normal
Resources
Standard
Victory
Conquest
Starting age
Dark Age
Ending age
Imperial Age
RankedLock teamsTeams togetherTeam positionsShared explorationLock speedFull tech treeHidden civsTurbo modeCheats
Victory
Defeat
🇩🇪 Koreans · Germany
1603
+14
🇨🇳 Cumans · China
1540
+17
1527
+17
🇺🇸 Franks · United States
1516
+18
🇩🇪 Vietnamese · Germany
1562
-17
🇹🇷 Teutons · Türkiye
1560
-17
🇩🇪 Byzantines · Germany
1554
-16
🇫🇷 Jurchens · France
1545
-16
Espresso
13:04 Feudal Age
13:54 Double-Bit Axe
14:16 Gold Mining
16:40 Castle Age
15:03 Fletching
15:27 Loom
15:27 Town Watch
17:27 Bodkin Arrow
19:26 Ballistics
19:36 Bow Saw
22:28 Padded Archer Armor
25:30 Horse Collar
26:37 Leather Archer Armor
26:44 Bloodlines
26:34 Husbandry
27:02 Husbandry
28:49 Wheelbarrow
30:03 Hand Cart
30:35 Stone Mining
30:46 Heavy Plow
32:44 Thumb Ring
36:30 Imperial Age
35:02 Thumb Ring
37:13 Bracer
38:14 Chemistry
40:08 Ring Archer Armor
39:20 Treadmill Crane
39:09 Elite Skirmisher
40:21 Heavy Cavalry Archer
41:37 Scale Mail Armor
44:04 Two-Man Saw
43:04 Heavy Plow
42:56 Imperial Skirmisher
43:53 Chain Mail Armor
43:48 Forging
44:40 Squires
47:25 Plate Mail Armor
Allison
4:10 Loom
14:55 Feudal Age
15:48 Double-Bit Axe
19:06 Castle Age
18:21 Scale Barding Armor
18:54 Forging
19:34 Bloodlines
20:30 Bow Saw
20:37 Bow Saw
24:05 Fletching
24:27 Horse Collar
25:30 Chain Barding Armor
27:00 Heavy Plow
27:54 Wheelbarrow
28:30 Bloodlines
29:08 Town Watch
31:36 Bodkin Arrow
32:31 Gold Mining
33:48 Fervor
35:38 Hand Cart
39:03 Ballistics
41:40 Imperial Age
39:34 Stone Mining
40:54 Stone Shaft Mining
42:09 Sanctity
42:28 Iron Casting
41:43 Cavalier
42:59 Plate Barding Armor
43:15 Conscription
43:16 Crenellations
44:04 Chemistry
44:25 Blast Furnace
44:45 Paladin
48:25 Hoardings
50:27 Masonry
50:22 Siege Engineers
Dark Horse
3:16 Loom
11:59 Feudal Age
12:38 Double-Bit Axe
15:07 Forging
15:30 Horse Collar
16:26 Scale Barding Armor
19:54 Bloodlines
21:40 Wheelbarrow
21:06 Gold Mining
27:41 Castle Age
28:41 Bow Saw
28:33 Husbandry
29:12 Chain Barding Armor
36:18 Fletching
37:41 Town Watch
40:02 Iron Casting
43:43 Town Patrol
43:43 Bodkin Arrow
46:48 Gold Shaft Mining
46:05 Stone Mining
earendil
4:36 Loom
4:52 Loom
12:55 Feudal Age
14:12 Double-Bit Axe
19:56 Fletching
20:48 Wheelbarrow
36:01 Gold Mining
41:08 Stone Mining
43:41 Castle Age
41:50 Horse Collar
43:45 Padded Archer Armor
44:22 Bodkin Arrow
44:53 Bow Saw
44:48 Heavy Plow
46:12 Elite Skirmisher
Fluffy Chirp
12:11 Feudal Age
11:38 Loom
13:06 Double-Bit Axe
19:47 Castle Age
23:43 Wheelbarrow
27:24 Ballistics
27:34 Bow Saw
28:11 Gold Mining
28:11 Town Watch
30:22 Fletching
30:51 Forging
31:31 Scale Barding Armor
33:52 Husbandry
35:11 Hand Cart
38:28 Imperial Age
37:30 Chain Barding Armor
37:46 Iron Casting
38:38 Husbandry
38:31 Cavalier
39:47 Plate Barding Armor
40:59 Blast Furnace
39:54 Paladin
40:50 Bodkin Arrow
[Liiit] Zbyszek
5:43 Loom
12:12 Feudal Age
13:26 Double-Bit Axe
16:01 Fletching
19:01 Wheelbarrow
22:30 Scale Mail Armor
24:23 Horse Collar
29:14 Castle Age
27:40 Gold Mining
29:55 Bodkin Arrow
30:17 Bow Saw
30:07 Heavy Plow
30:27 Town Watch
32:13 Thumb Ring
38:14 Imperial Age
38:41 Ballistics
39:05 Bracer
40:06 Chemistry
40:08 Conscription
45:19 Siphons
46:16 Eupseong
47:39 Two-Man Saw
一败涂地
3:37 Loom
13:47 Feudal Age
14:15 Double-Bit Axe
18:33 Wheelbarrow
18:46 Horse Collar
23:31 Town Watch
26:46 Castle Age
25:16 Gold Mining
25:59 Scale Barding Armor
27:01 Forging
27:42 Bloodlines
27:54 Chain Barding Armor
28:14 Gold Shaft Mining
28:43 Iron Casting
29:16 Hand Cart
35:21 Heavy Plow
36:12 Bow Saw
43:24 Imperial Age
41:33 Steppe Husbandry
41:40 Stone Mining
42:33 Light Cavalry
43:26 Cavalier
45:20 Two-Man Saw
44:50 Conscription
45:08 Plate Barding Armor
45:33 Blast Furnace
45:58 Fletching
46:07 Paladin
47:02 Hussar
50:11 Crop Rotation
50:27 Fervor
ME_DEPRIME_JUGAR_CON_USTEDES
13:55 Feudal Age
13:17 Loom
17:43 Castle Age
16:27 Double-Bit Axe
29:29 Wheelbarrow
29:04 Bow Saw
31:06 Padded Archer Armor
32:14 Fishing Lines
34:05 Horse Collar
35:46 Fletching
36:18 Gold Mining
37:17 Bloodlines
38:14 Leather Archer Armor
39:12 Husbandry
39:45 Heavy Plow
40:03 Bodkin Arrow
42:32 Hand Cart
47:06 Imperial Age
44:51 Scale Barding Armor
45:59 Chain Barding Armor
46:19 Forging
46:19 Stone Mining
46:17 Town Watch
48:17 Iron Casting
47:19 Cavalier
48:50 Plate Barding Armor
48:12 Light Cavalry
49:59 Blast Furnace
49:47 Conscription
48:51 Paladin
51:39 Two-Man Saw
Connection lost

Rejoining the realm…

Still unreachable

The connection could not be restored.

Session expired

The server has moved on; the page needs a fresh start.